 Dungeon Crawl Stone Soup version 0.26-a0-466-g989023bd0d (webtiles) character file.

Game seed: 1146795971273019950

198 vurker the Chiller (level 5, -2/34 HPs)
             Began as an Octopode Ice Elementalist on Aug 8, 2020.
             Slain by an orc
             ... wielding the +8 dagger of Defiance {vorpal, Str+4}
              (10 damage)
             ... on level 4 of the Dungeon.
             The game lasted 00:04:41 (3744 turns).

vurker the Chiller (Octopode Ice Elementalist)      Turns: 3744, Time: 00:04:42

Health: -2/34      AC:  1    Str:  8    XL:     5   Next: 77%
Magic:  7/10       EV: 13    Int: 18    God:
Gold:   170        SH:  0    Dex: 12    Spells: 2/10 levels left

rFire    . . .     SeeInvis .   a - +0 dagger
rCold    . . .     Faith    .   (no shield)
rNeg     . . .     Spirit   .   (helmet restricted)
rPois    .         Reflect  .   e - amulet of magic regeneration
rElec    .         Harm     .   m - ring of wizardry
rCorr    .                      (no ring)
MR       .....                  (no ring)
Stlth    +++.......             (no ring)
HPRegen  0.11/turn              (no ring)
MPRegen  0.37/turn              (no ring)
                                (no ring)
                                (no ring)

@: frozen ramparts
A: almost no armour, stealthy swim, amphibious, 8 rings, constrict 8, camouflage
1, gelatinous body 1
a: no special abilities


You were on level 4 of the Dungeon.
You visited 1 branch of the dungeon, and saw 4 of its levels.

You collected 170 gold pieces.

Inventory:

Hand Weapons
 a - a +0 dagger (weapon)
   (You took it off a kobold on level 1 of the Dungeon)
Jewellery
 e - an amulet of magic regeneration (around mantle)
   (You found it on level 4 of the Dungeon)
 m - a ring of wizardry (left tentacle)
   (You found it on level 3 of the Dungeon)
Wands
 x - a wand of acid (8)
   (You found it on level 4 of the Dungeon)
Scrolls
 b - 3 scrolls of identify {unknown}
 c - a scroll of random uselessness {unknown}
 d - 4 scrolls of teleportation {unknown}
 f - a scroll of noise {unknown}
 i - 4 scrolls of blinking {unknown}
 j - a scroll of immolation {unknown}
 n - 3 scrolls of remove curse {unknown}
 o - a scroll of enchant armour {unknown}
 p - a scroll of enchant weapon {unknown}
Potions
 g - a potion of cancellation {unknown}
 h - 3 potions of curing {unknown}
 k - a potion of haste {unknown}
 l - a potion of might {unknown}


   Skills:
 + Level 2.1 Fighting
 - Level 2.0 Dodging
 - Level 2.6 Stealth
 * Level 3.4 Spellcasting
 * Level 1.4 Conjurations
 * Level 5.1 Ice Magic


You had 2 spell levels left.
You knew the following spells:

 Your Spells              Type           Power        Failure   Level
a - Freeze                Ice            ###.         1%          1
b - Frozen Ramparts       Ice            ###...       2%          3
c - Hailstorm             Conj/Ice       ###.....     16%         4

Your spell library contained the following spells:

 Spells                   Type           Power        Failure   Level
 Ozocubu's Armour         Ice            ###.....     2%          3
 Summon Ice Beast         Ice/Summ       ##......     21%         4


Dungeon Overview and Level Annotations

Branches:
Dungeon (4/15)
 Temple: D:4-7

Altars:
Makhleb
Qazlal
Trog


Innate Abilities, Weirdness & Mutations

You cannot wear most types of armour.
You are very stealthy in the water. (Stealth+)
You are amphibious.
You can wear up to eight rings at the same time.
You can use your tentacles to constrict eight enemies at once.
Your skin changes colour to match your surroundings (Stealth+).
Your rubbery body absorbs attacks. (AC +1, EV +1)


Message History

You hit the giant cockroach but do no damage.
You grab the giant cockroach.
You constrict the giant cockroach, but do no damage.
The giant cockroach closely misses you.
You hit the giant cockroach but do no damage.
You constrict the giant cockroach. The giant cockroach barely misses you.
The giant cockroach bites you.
You hit the giant cockroach but do no damage.
You constrict the giant cockroach, but do no damage.
The giant cockroach bites you.
You hit the giant cockroach. You constrict the giant cockroach.
The giant cockroach bites you.
You hit the giant cockroach but do no damage.
You constrict the giant cockroach.
You kill the giant cockroach!
No target in view!
x - a wand of acid (8)
You see here a giant cockroach corpse.
h - 3 silvery potions (gained 1)
Found 13 gold pieces.
An orc comes into view.
It is wielding the +8 dagger of Defiance {vorpal, Str+4}.
The orc shouts!
You hear a bark!
Found a glaive.
You see here 13 gold pieces.
An orc is nearby!
An orc is nearby!
A jackal comes into view.
The jackal barks!
You hear a bark!
You hear a shout!
The orc hits you with the +8 dagger of Defiance {vorpal, Str+4}.
You hit the orc but do no damage. You grab the orc.
You constrict the orc, but do no damage.
The orc hits you with the +8 dagger of Defiance {vorpal, Str+4}.
You hit the orc. You constrict the orc.
A jackal comes into view.
The orc hits you with the +8 dagger of Defiance {vorpal, Str+4}.
The jackal barks!
You hit the orc but do no damage.
You constrict the orc, but do no damage.
The orc completely misses you.
A jackal comes into view.
You hit the orc but do no damage. You constrict the orc. The jackal bites you.
* * * LOW HITPOINT WARNING * * *
The orc hits you with the +8 dagger of Defiance {vorpal, Str+4}.
* * * LOW HITPOINT WARNING * * *
* * * LOW HITPOINT WARNING * * *
You release your grip on the orc.
The walls around you are covered in ice.
The wall freezes the jackal.
The jackal misses you.
The orc hits you with the +8 dagger of Defiance {vorpal, Str+4}!
You die...

#. # ....... ... . #.....
......#....#.##....
#.............(.h)##
##............#.h...##
..<.................##.
#.##...................
##.##..........oh.....#
#...#...........@##..##
.................## .##
................$.## .##.
...................##.....
................#...#.....
................##.....#
†...........######.....#..
...#.#......#####.........
...#......................


You could see an orc and 3 jackals.

Vanquished Creatures
  An orc priest (D:3)
  A worker ant (D:2)
  A worker ant zombie (D:2)
  4 adders
  An ooze (D:2)
  An adder skeleton (D:4)
  5 worms
  A dart slug (D:1)
  3 leopard geckos
  5 orcs (D:3)
  5 ball pythons
  3 bats
  5 giant cockroaches
  6 goblins
  6 hobgoblins
  5 jackals
  4 kobolds
  3 quokkas
  2 frilled lizards
  6 rats
68 creatures vanquished.

Notes
Turn   | Place    | Note
-------+----------+-------------------------------------------
     0 | D:1      | vurker the Octopode Ice Elementalist began the quest for
                  | the Orb.
     0 | D:1      | Reached XP level 1. HP: 11/11 MP: 3/3
   192 | D:1      | Reached XP level 2. HP: 18/18 MP: 1/5
   595 | D:1      | Reached XP level 3. HP: 14/22 MP: 6/6
   912 | D:2      | Reached skill level 1 in Fighting
  1053 | D:1      | Learned a level 3 spell: Frozen Ramparts
  1112 | D:2      | Reached XP level 4. HP: 9/28 MP: 1/8
  1648 | D:2      | Learned a level 4 spell: Hailstorm
  1890 | D:2      | Found a stormy altar of Qazlal.
  2158 | D:2      | Reached XP level 5. HP: 34/34 MP: 6/9
  2493 | D:3      | Reached skill level 5 in Ice Magic
  2624 | D:3      | Found a burning altar of Makhleb.
  2624 | D:3      | Noticed an Executioner
  2627 | D:3      | Noticed a smoke demon
  2627 | D:3      | Noticed a neqoxec
  2685 | D:3      | Reached skill level 1 in Conjurations
  2855 | D:3      | Found a glowing drain.
  3418 | D:4      | Found a bloodstained altar of Trog.
  3735 | D:4      | Identified the +8 dagger of Defiance {vorpal, Str+4}
  3744 | D:4      | Slain by an orc

Illustrated notes

Levels and vault maps discovered:
D:1:      dpeg_arrival_rooms_a, layout_loops_cross, minmay_fountain_box
D:2:      layout_loops_ring, lemuel_altar_in_water
D:3:      layout_basic, portal_sewer_entry_e, makhleb_altar_promises_db
D:4:      layout_cave_pools, bloody_trog

Skill      XL: |  1  2  3  4  5 |
---------------+----------------+-----
Fighting       | 1 2 |  2.1
Spellcasting   | 3 |  3.4
Ice Magic      | 5 |  5.1
Conjurations   | 1 |  1.4
Dodging        | |  2.0
Stealth        | |  2.6

Action                   |  1- 3 |  4- 6 || total
-------------------------+-------+-------++-------
Melee: Unarmed           |    12 |       ||    12
       Tentacles         |    11 |    18 ||    29
       Constrict         |    10 |    24 ||    34
       Dagger            |    19 |    90 ||   109
 Cast: Freeze            |    10 |    12 ||    22
       Frozen Ramparts   |     2 |     4 ||     6
 Stab: Sleeping          |    10 |    13 ||    23
Armor: Skin              |     4 |     3 ||     7
Dodge: Dodged            |    22 |    46 ||    68

Table legend: (Time is in decaauts)
 A = Elapsed time spent in this place.
 B = Non-inter-level travel time spent in this place.
 C = Inter-level travel time spent in this place.
 D = Time resting spent in this place.
 E = Time spent auto-exploring this place.
 F = Levels seen in this place.
 G = Mean time per level.
                   A        B        C        D        E       F      G
               +--------+--------+--------+--------+--------+-----+--------+
         Total |   3745 |   3643 |    102 |    554 |   2591 |   4 |  936.2 |
       Dungeon |   3745 |   3643 |    102 |    554 |   2591 |   4 |  936.2 |
               +--------+--------+--------+--------+--------+-----+--------+

Top non-repeatable levels by time:
     D:1: 1341 daAuts
     D:3: 1234 daAuts
     D:2: 974 daAuts
     D:4: 194 daAuts
